 Dungeon Crawl Stone Soup version 0.29.1-15-g9cfb28693d (webtiles) character file.

Game seed: 3433490380544457680

39 hawla the Chiller (level 3, 0/26 HPs)
             Began as a Meteoran Ice Elementalist on Feb 22, 2023.
             Slain by a jackal (1 damage)
             ... on level 4 of the Dungeon.
             The game lasted 00:01:53 (210 turns).

hawla the Chiller (Meteoran Ice Elementalist)        Turns: 210, Time: 00:01:54

Health: 0/26       AC:  2    Str:  9    XL:     3   Next: 97%
Magic:  0/8        EV: 13    Int: 19    God:
Gold:   45         SH:  0    Dex: 14    Spells: 4/8 levels left

rFire   . . .      SeeInvis .   (no weapon)
rCold   . . .      Faith    .   (no shield)
rNeg    . . .      Spirit   .   a - +0 robe
rPois   .          Reflect  .   (no helmet)
rElec   .          Harm     .   (no cloak)
rCorr   .          Rampage  .   (no gloves)
Will    .....                   (no boots)
Stlth   +.........              (no amulet)
HPRegen 0.08/turn               (no ring)
MPRegen 0.11/turn               (no ring)

@: very slightly contaminated, glowing
A: sense surroundings 1, otherworldly, glowing, explore regen
a: no special abilities


You were on level 4 of the Dungeon.
You visited 1 branch of the dungeon, and saw 4 of its levels.

You collected 45 gold pieces.

Inventory:

Armour
 a - a +0 robe (worn)


   Skills:
 + Level 3.1 Dodging
 - Level 1.4 Stealth
 + Level 3.4 Spellcasting
 + Level 5.0 Ice Magic


You had 4 spell levels left.
You knew the following spells:

 Your Spells              Type           Power      Damage    Failure   Level
a - Freeze                Ice            88%        1d10      1%          1
b - Frozen Ramparts       Ice            44%        1d7       5%          3

Your spell library contained the following spells:

 Spells                   Type           Power      Damage    Failure   Level
 Ozocubu's Armour         Ice            22%        N/A       5%          3
 Hailstorm                Conj/Ice       12%        3d5       45%         4


Dungeon Overview and Level Annotations

Branches:
Dungeon (4/15) Zot: 2188
 Temple: D:4-7

Altars:


Innate Abilities, Weirdness & Mutations

You passively map a small area around you.
You are easily found by Zot.
You glow in the dark.
You regain HP and MP as you explore.


Message History

* * * LOW HITPOINT WARNING * * *
The ball python closely misses you. The ball python constricts you.
The wall freezes the worm!
You kill the worm!
You hit the ball python.
The ball python is moderately wounded.
The jackal misses you.
The wall freezes the scorpion.
The ball python misses you. The ball python constricts you.
The jackal bites you but does no damage.
Unknown command.
You barely miss the ball python.
The ball python is moderately wounded.
The wall freezes the scorpion.
The ball python closely misses you. The ball python constricts you.
The jackal bites you.
* * * LOW HITPOINT WARNING * * *
The ball python bites you.
* * * LOW HITPOINT WARNING * * *
The ball python constricts you.
* * * LOW HITPOINT WARNING * * *
The wall freezes the scorpion.
The scorpion stings you.
* * * LOW HITPOINT WARNING * * *
You aren't carrying any potions.
You aren't carrying any scrolls.
You aren't carrying any items that you can evoke.
Unknown command.
You hit the ball python.
You kill the ball python!
The jackal barely misses you.
The wall freezes the scorpion.
The scorpion barely misses you.
Your Ice Magic skill increases to level 5!
Unknown command.
Casting: Freeze (safe; 1% risk of failure)
Confirm with . or Enter, or press ? or * to list all spells.
Aiming: Freeze (safe; 1% risk of failure)
Press: ? - help, Shift-Dir - straight line, f - scorpion
Aim: a scorpion (moderately wounded)
You freeze the scorpion.
The scorpion is heavily wounded.
The frozen ramparts melt away.
The jackal bites you.
You die...

,
,,....)....
,.........
, *
......... ,
*
#......=.,,
, ,
#........ *
#........
#sh...... *
#@†.....#
,, * ,,
#.†...... ,
#.......# ,
,
**#.......#
, ,
#.......# *
,
........#*
, ...!....#
, ).......#
, , , , ,


You could see a scorpion and a jackal.

Vanquished Creatures
  2 adders (D:2)
  A worm (D:4)
  A dart slug (D:1)
  3 bats (D:1)
  An endoplasm (D:2)
  A giant cockroach (D:2)
  2 goblins
  A hobgoblin (D:1)
  A jackal (D:4)
  A kobold (D:1)
  3 ball pythons
17 creatures vanquished.

Notes
Turn   | Place    | Note
-------+----------+-------------------------------------------
     0 | D:1      | hawla the Meteoran Ice Elementalist began the quest for the
                  | Orb.
     0 | D:1      | Reached XP level 1. HP: 14/14 MP: 5/5
    53 | D:1      | Reached XP level 2. HP: 11/20 MP: 2/6
   137 | D:2      | Reached XP level 3. HP: 20/26 MP: 5/8
   199 | D:3      | Learned a level 3 spell: Frozen Ramparts
   203 | D:4      | Noticed a scorpion
   208 | D:4      | HP: 1/26 [scorpion (4)]
   210 | D:4      | Reached skill level 5 in Ice Magic
   210 | D:4      | Slain by a jackal

Illustrated notes

Levels and vault maps discovered:
D:1:      spicycebolla_green_bress_n_ham, layout_basic,
          shapermc_ecumenical_altar_totnotflames, minmay_misc_feat_nine_boxes
D:2:      layout_basic
D:3:      layout_loops_ring, mainiacjoe_overflow_alcove_1
D:4:      layout_rooms, minitemple, cheibrodos_gnoll_hut

Skill      XL: |  1  2  3 |
---------------+----------+-----
Dodging        | 3 |  3.1
Spellcasting   | 3 |  3.4
Ice Magic      | 5 |  5.0
Stealth        | |  1.4

Action                   || total
-------------------------++-------
Melee: Unarmed           ||     5
 Cast: Freeze            ||    24
       Frozen Ramparts   ||     1
  Use: Potion            ||     3
       Scroll            ||     2
Armor: Robe              ||    14
Dodge: Dodged            ||    36
